 Dungeon Crawl Stone Soup version 0.28.0-1-gb440e238dd (webtiles) character file.

Game seed: 10369703029447417320

57 hikkokomori the Digger (level 4, -7/24 HPs)
             Began as a Gargoyle Earth Elementalist on Feb 26, 2022.
             Mangled by an ogre (13 damage)
             ... on level 4 of the Dungeon.
             The game lasted 00:04:28 (1751 turns).

hikkokomori the Digger (GrEE)                       Turns: 1751, Time: 00:04:30

Health: -7/24      AC: 11    Str: 17    XL:     4   Next: 0%
Magic:  3/8        EV: 10    Int: 18    God:
Gold:   25         SH:  0    Dex: 10    Spells: 2/8 levels left

rFire   . . .      SeeInvis .   f - +0 whip
rCold   . . .      Faith    .   (no shield)
rNeg    + . .      Spirit   .   j - +3 ring mail
rPois   ∞          Reflect  .   (no helmet)
rElec   +          Harm     .   (no cloak)
rCorr   .          Rampage  .   (no gloves)
Will    .....                   (no boots)
Stlth   +.........              (no amulet)
HPRegen 0.08/turn               e - +6 ring of strength
MPRegen 0.11/turn               i - ring of wizardry

@: no status effects
A: sickness immunity, AC +3, negative energy resistance 1, electricity
resistance, torment resistance 1, petrification resistance
a: no special abilities


You were on level 4 of the Dungeon.
You visited 1 branch of the dungeon, and saw 3 of its levels.

You collected 25 gold pieces.

Inventory:

Hand Weapons
 f - a +0 whip (weapon)
Missiles
 c - 40 stones
Armour
 b - a +0 robe
 j - a +3 ring mail (worn)
Jewellery
 e - a +6 ring of strength (left hand)
 i - a ring of wizardry (right hand)
 k - a ring of fire
Scrolls
 a - a scroll of teleportation {unknown}
 g - a scroll of immolation
Potions
 d - a potion of heal wounds


   Skills:
 - Level 1.7 Dodging
 + Level 3.1 Stealth
 + Level 2.6 Spellcasting
 - Level 1.0 Transmutations
 + Level 4.3 Earth Magic


You had 2 spell levels left.
You knew the following spells:

 Your Spells              Type           Power      Damage    Failure   Level
a - Sandblast             Erth           36%        2d10      2%          1
b - Passwall              Tmut/Erth      10%        N/A       6%          2
c - Stone Arrow           Conj/Erth      20%        3d8       16%         3

Your spell library contained the following spells:

 Spells                   Type           Power      Damage    Failure   Level
 Sting                    Tmut/Pois      16%        1d3       11%         1
 Petrify                  Tmut/Erth      12%        N/A       38%         4


Dungeon Overview and Level Annotations

Branches:
Dungeon (2/15)

Altars:


Innate Abilities, Weirdness & Mutations

You are immune to sickness and miasma.
Your stone body is resilient. (AC +3)
You are immune to poison.
You resist negative energy. (rN+)
You are resistant to electric shocks. (rElec)
You are resistant to unholy torment.
You are immune to petrification.


Message History

The jelly jiggles.
Casting: Sandblast (safe; 2% risk of failure)
Confirm with . or Enter, or press ? or * to list all spells.
Aiming: Sandblast (safe; 2% risk of failure)
Press: ? - help, Shift-Dir - straight line, f - jelly
Aim: a jelly (lightly wounded, 100% to hit)
The blast of sand hits the jelly!
The jelly is severely wounded.
The jelly hits you but does no damage.
Unknown command.
Casting: Sandblast (safe; 2% risk of failure)
Confirm with . or Enter, or press ? or * to list all spells.
Aiming: Sandblast (safe; 2% risk of failure)
Press: ? - help, Shift-Dir - straight line, f/p - jelly
Aim: a jelly (severely wounded, 100% to hit)
The blast of sand hits the jelly!
You kill the jelly!
Your Stealth skill increases to level 3!
You have reached level 4!
You feel clever.
An ogre comes into view. It is wielding a +0 giant club.
The ogre shouts!
Casting: Sandblast (safe; 2% risk of failure)
Confirm with . or Enter, or press ? or * to list all spells.
You don't know that spell.
An ogre is nearby!
You aren't carrying any items that you can evoke.
Unknown command.
Casting: Sandblast (safe; 2% risk of failure)
Confirm with . or Enter, or press ? or * to list all spells.
Okay, then.
Casting: Sandblast (safe; 2% risk of failure)
Confirm with . or Enter, or press ? or * to list all spells.
Aiming: Passwall (safe; 6% risk of failure)
Press: ? - help, Dir - move target A rock wall.
You begin to meditate on the wall.
You continue meditating on the rock. x2
The ogre hits you with a +0 giant club!
Ouch! That really hurt!
You die...

### #.. #O## ###+#
.####+#.. ...######
.$......#####.......#
..........O@'.......+
........#####.......#
........# #.......#
........# #.......#
..(.....# #.......#
....?...# #.......#
........# #.......#
######### #########


You could see an ogre.

Vanquished Creatures
  A jelly (D:4)
  A dart slug (D:1)
  3 ball pythons (D:1)
  An endoplasm (D:1)
  2 giant cockroaches (D:1)
  A goblin (D:1)
  3 hobgoblins (D:1)
  2 kobolds (D:1)
  A quokka (D:1)
  5 bats (D:1)
  3 rats (D:1)
23 creatures vanquished.

Notes
Turn   | Place    | Note
-------+----------+-------------------------------------------
     0 | D:1      | hikkokomori the Gargoyle Earth Elementalist began the quest
                  | for the Orb.
     0 | D:1      | Reached XP level 1. HP: 10/10 MP: 3/3
   358 | D:1      | Reached skill level 1 in Transmutations
   358 | D:1      | Reached XP level 2. HP: 2/15 MP: 1/5
   635 | D:1      | Found a faded altar of an unknown god.
   661 | D:1      | Got Plato's Incunabulum of Shape Shifting
  1219 | D:1      | Reached skill level 4 in Earth Magic
  1326 | D:1      | Reached XP level 3. HP: 16/19 MP: 6/6
  1351 | D:1      | Learned a level 2 spell: Passwall
  1355 | D:1      | Learned a level 3 spell: Stone Arrow
  1725 | D:2      | You fall into a shaft and drop 2 floors!
  1741 | D:4      | Reached XP level 4. HP: 5/24 MP: 4/8
  1744 | D:4      | Noticed an ogre
  1751 | D:4      | Mangled by an ogre

Illustrated notes

Levels and vault maps discovered:
D:1:      dpeg_arrival_radiant, layout_basic,
          shapermc_ecumenical_altar_rom_forum, hex_medium,
          minmay_splitting_lines, minmay_heptomino_d4
D:2:      layout_loops_ring, serial_shops, nicolae_shop_waterfront
D:4:      layout_basic, serial_shops, shop

Skill      XL: |  1  2  3 |
---------------+----------+-----
Transmutations | 1 |  1.0
Earth Magic    | 4 |  4.3
Stealth        | 3 |  3.1
Dodging        | |  1.7
Spellcasting   | |  2.6

Action                   |  1- 3 |  4- 6 || total
-------------------------+-------+-------++-------
Melee: Unarmed           |    57 |       ||    57
       Punch             |     1 |       ||     1
       Whip              |    30 |       ||    30
 Cast: Sandblast         |    19 |       ||    19
       Passwall          |       |     1 ||     1
  Use: Scroll            |     2 |       ||     2
 Stab: Sleeping          |     4 |       ||     4
Armor: Robe              |    43 |       ||    43
       Ring mail         |     8 |       ||     8
Dodge: Dodged            |    72 |       ||    72
